 Dungeon Crawl Stone Soup version 0.27-a0-1384-g1422d76b99 (webtiles) character file.

Game seed: 17511629331951403373

51 sokol815 the Digger (level 3, -5/21 HPs)
             Began as an Octopode Earth Elementalist on June 30, 2021.
             Slain by an iguana (12 damage)
             ... on level 3 of the Dungeon.
             The game lasted 00:05:18 (1710 turns).

sokol815 the Digger (Octopode Earth Elementalist)   Turns: 1710, Time: 00:05:18

Health: -5/21      AC:  5    Str:  7    XL:     3   Next: 83%
Magic:  6/6        EV: 13    Int: 17    God:
Gold:   100        SH:  0    Dex: 13    Spells: 2/6 levels left

rFire    . . .     SeeInvis .   a - +0 dagger
rCold    . . .     Faith    .   (no shield)
rNeg     . . .     Spirit   .   (helmet restricted)
rPois    .         Reflect  .   (no amulet)
rElec    .         Harm     .   A - +4 ring of protection
rCorr    .         Rampage  .   (no ring)
Will     .....                  (no ring)
Stlth    +++.......             (no ring)
HPRegen  0.07/turn              (no ring)
MPRegen  0.10/turn              (no ring)
                                (no ring)
                                (no ring)

@: no status effects
A: almost no armour, amphibious, 8 rings, camouflage 1, gelatinous body 1,
(nimble swimmer 1), tentacles
a: no special abilities


You were on level 3 of the Dungeon.
You visited 1 branch of the dungeon, and saw 3 of its levels.

You collected 100 gold pieces.

Inventory:

Hand Weapons
 a - a +0 dagger (weapon)
   (You found it on level 1 of the Dungeon)
Missiles
 b - 30 sling bullets
 k - 32 bolts
 s - 21 stones
Jewellery
 c - an amulet of faith
   (You found it on level 1 of the Dungeon)
 A - a +4 ring of protection (left tentacle)
   (You found it on level 1 of the Dungeon)
Scrolls
 d - 2 scrolls of noise {unknown}
 g - a scroll of identify {unknown}
 i - a scroll of teleportation {unknown}
 j - a scroll of blinking {unknown}
 l - a scroll of fog {unknown}
Potions
 e - a potion of curing {unknown}
 f - a potion of flight {unknown}
 h - a potion of cancellation {unknown}
 m - a potion of might {unknown}


   Skills:
 - Level 2.0 Dodging
 - Level 2.6 Stealth
 - Level 2.0 Spellcasting
 * Level 0.2 Conjurations
 - Level 1.0 Transmutations
 + Level 4.6 Earth Magic


You had 2 spell levels left.
You knew the following spells:

 Your Spells              Type           Power      Damage    Failure   Level
a - Sandblast             Erth           34%        2d9       3%          1
x - Stone Arrow           Conj/Erth      18%        3d8       22%         3

Your spell library contained the following spells:

 Spells                   Type           Power      Damage    Failure   Level
 Passwall                 Tmut/Erth      9%         N/A       10%         2
 Beastly Appendage        Tmut           10%        N/A       13%         1
 Wereblood                Tmut           5%         N/A       19%         2
 Spider Form              Tmut/Pois      1%         N/A       43%         3
 Petrify                  Tmut/Erth      11%        N/A       52%         4
 Lee's Rapid Deconstruct  Erth           8%         3d8*      63%         5
 Ice Form                 Ice/Tmut       3%         N/A       83%         4


Dungeon Overview and Level Annotations

Branches:
Dungeon (3/15)

Altars:


Innate Abilities, Weirdness & Mutations

You cannot wear most types of armour.
You are amphibious.
You can wear up to eight rings at the same time.
Your skin changes colour to match your surroundings (Stealth+).
Your rubbery body absorbs attacks. (AC +1, EV +1)
((You are camouflaged near water. (Stealth+)))
You have tentacles for arms and can constrict up to eight enemies at once.


Message History

A kobold comes into view. It is wielding a +0 quarterstaff.
The kobold shouts!
You hit the kobold but do no damage. You grab the kobold.
You constrict the kobold.
The kobold hits you with a +0 quarterstaff.
You take 4 damage, and have 17/21 hp.
You hit the kobold but do no damage. You constrict the kobold.
You kill the kobold!
d - 2 scrolls labelled UFIH LOSTAA (gained 1)
You see here a +0 quarterstaff.
Health restored: 21
k - 32 bolts You see here a +0 quarterstaff.
You open the door.
There is an open door here.
l - a scroll labelled POAVOR JORGHIN You open the door.
Found a faded altar of an unknown god.
There is an open door here.
A bat and a goblin come into view.
The goblin shouts!
The bat hits you but does no damage. x2
You miss the bat. Your grab misses the bat.
The bat hits you but does no damage.
You closely miss the bat. You grab the bat. You constrict the bat.
The bat misses you.
You hit the bat but do no damage. You squeeze the bat.
You kill the bat!
You hit the goblin but do no damage. Your grab misses the goblin.
The goblin hits you but does no damage.
You closely miss the goblin. Your grab misses the goblin.
The goblin hits you but does no damage.
You closely miss the goblin. Your grab misses the goblin.
Your squeeze misses the goblin. The goblin hits you with a +0 club.
You take 3 damage, and have 18/21 hp.
You barely miss the goblin. Your grab misses the goblin.
The goblin closely misses you.
You hit the goblin. Your grab misses the goblin. The goblin misses you.
You closely miss the goblin. Your grab misses the goblin.
You squeeze the goblin.
You kill the goblin!
An endoplasm comes into view.
Things that are here:
a +0 club; a +0 spear; a bat corpse
Found an inky potion.
Found an escape hatch in the ceiling.
The blast of sand hits the endoplasm!
You kill the endoplasm!
You now have 5/6 mp.
You now have 100 gold pieces (gained 9).
m - an inky potion Health restored: 21; MP restored: 6
Found a stone staircase leading up.
This spell is extremely dangerous to cast!
Memorise Stone Arrow, consuming 3 spell levels and leaving 2?
You start memorising the spell.
You continue memorising. x3
You finish memorising.
Spell assigned to 'x'.
A worm comes into view.
No target in view!
The blast of sand hits the worm.
You now have 5/6 mp.
The blast of sand hits the worm.
You now have 4/6 mp.
You hit the worm. You grab the worm. You squeeze the worm.
You constrict the worm. The worm bites you but does no damage.
You hit the worm but do no damage.
You constrict the worm, but do no damage.
You hit the worm. You constrict the worm. The worm misses you.
You hit the worm. You constrict the worm.
You kill the worm!
There is a stone staircase leading up here.
There is a stone staircase leading up here.
There is a stone staircase leading down here.
There is an open door here.
There is a large open door here.
Done exploring.
MP restored: 6
(D) Dungeon
Where to? (Enter - D:2, ? - help)
There is a large open door here.
There is an open door here.
You see here a +0 chain mail.
There is a stone staircase leading down here.
You climb downwards.
An iguana comes into view.
There is a stone staircase leading up here.
The helpless iguana fails to defend itself.
You hit the iguana. You grab the iguana.
You constrict the iguana, but do no damage.
The iguana bites you!
You take 8 damage, and have 13/21 hp.
MASSIVE DAMAGE!!
You hit the iguana but do no damage. You squeeze the iguana.
You constrict the iguana. The iguana bites you.
You take 6 damage, and have 7/21 hp.
MASSIVE DAMAGE!!
You hit the iguana but do no damage.
You constrict the iguana, but do no damage.
The iguana bites you!
Ouch! That really hurt!
You die...

########
#......#+##
###...##....##
.......#.....##
...?......$<..##
...............#
.......@.......+
..####l........#
##.......##
##.....##
##...## ##+##


You could see an iguana.

Vanquished Creatures
  An adder (D:2)
  2 worms (D:2)
  A ball python (D:1)
  3 endoplasms
  3 giant cockroaches
  2 goblins (D:2)
  3 hobgoblins
  4 jackals (D:1)
  3 kobolds
  3 quokkas
  4 bats
  2 frilled lizards
  2 rats
33 creatures vanquished.

Vanquished Creatures (others)
  8 plants (D:2)
8 creatures vanquished.

Grand Total: 41 creatures vanquished

Notes
Turn   | Place    | Note
-------+----------+-------------------------------------------
     0 | D:1      | sokol815 the Octopode Earth Elementalist began the quest
                  | for the Orb.
     0 | D:1      | Reached XP level 1. HP: 11/11 MP: 3/3
   351 | D:1      | Reached XP level 2. HP: 17/17 MP: 1/5
   675 | D:1      | Reached skill level 4 in Earth Magic
   842 | D:2      | Reached XP level 3. HP: 21/21 MP: 4/6
  1397 | D:2      | Found a faded altar of an unknown god.
  1519 | D:2      | Learned a level 3 spell: Stone Arrow
  1710 | D:3      | Slain by an iguana

Illustrated notes

Levels and vault maps discovered:
D:1:      saegor_arrival_miasma, layout_rooms
D:2:      wad_lake_hut, layout_rooms, hellmonk_ecumenical_altar_inner_sanctum
D:3:      layout_loops_corners, nicolae_ru_path_of_blood,
          minmay_randomly_rotated_circles

Skill      XL: |  1  2 |
---------------+-------+-----
Earth Magic    | 4 |  4.6
Dodging        | |  2.0
Stealth        | |  2.6
Spellcasting   | |  2.0
Conjurations   | |  0.2
Transmutations | |  1.0

Action                   || total
-------------------------++-------
Melee: Unarmed           ||    11
       Constrict         ||    15
       Tentacles         ||    14
       Dagger            ||    62
Throw: Stone             ||     2
 Cast: Sandblast         ||    21
 Stab: Sleeping          ||     6
Armor: Skin              ||    17
Dodge: Dodged            ||    33

Table legend: (Time is in decaauts)
 A = Elapsed time spent in this place.
 B = Non-inter-level travel time spent in this place.
 C = Inter-level travel time spent in this place.
 D = Time resting spent in this place.
 E = Time spent auto-exploring this place.
 F = Levels seen in this place.
 G = Mean time per level.
                   A        B        C        D        E       F      G
               +--------+--------+--------+--------+--------+-----+--------+
         Total |   1708 |   1656 |     52 |    287 |   1104 |   3 |  569.3 |
       Dungeon |   1708 |   1656 |     52 |    287 |   1104 |   3 |  569.3 |
               +--------+--------+--------+--------+--------+-----+--------+

Top non-repeatable levels by time:
     D:2: 952 daAuts
     D:1: 749 daAuts
     D:3: 6 daAuts

Table legend:
 A = Kills in this place as a percentage of kills in entire the game.
 B = Kills by you in this place as a percentage of kills by you in the entire game.
 C = Kills by friends in this place as a percentage of kills by friends in the entire game.
 D = Other kills in this place as a percentage of other kills in the entire game.
 E = Experience gained in this place as a percentage of experience gained in the entire game.
 F = Experience gained in this place divided by the number of levels of this place that you have seen.
                   A       B       C       D       E      F
               +-------+-------+-------+-------+-------+----------------------
         Total | 100.0 | 100.0 |   N/A |   N/A | 100.0 |  24.7
       Dungeon | 100.0 | 100.0 |   N/A |   N/A | 100.0 |  24.7
               +-------+-------+-------+-------+-------+----------------------
